 Dungeon Crawl Stone Soup version 0.19-a0-585-ge40200b (webtiles) character file.

16513 shmeve the Cleaver (level 12, -4/99 HPs)
             Began as a Vampire Berserker on June 10, 2016.
             Was a High Priest of Trog.
             Slain by a redback (7 damage)
             ... on level 4 of the Lair of Beasts.
             The game lasted 00:33:00 (10179 turns).

shmeve the Cleaver (Vampire Berserker)             Turns: 10179, Time: 00:33:01

Health: -4/99      AC: 23    Str: 20    XL:     12   Next: 10%
Magic:  12/12      EV: 10    Int: 10    God:    Trog [*****.]
Gold:   640        SH:  0    Dex: 14    Spells: 0 memorised, 11 levels left

rFire  + . .     SeeInvis +     A - +5 battleaxe (flame)
rCold  x . .     Gourm    .     j - +0 plate armour
rNeg   . . .     Faith    .     (shield currently unavailable)
rPois  +         Spirit   .     C - +2 helmet
rElec  .         Dismiss  .     t - +2 cloak
rCorr  .         Reflect  .     (no gloves)
SustAt .         Harm     .     (no boots)
MR     +++..                    (no amulet)
Stlth  ..........               P - ring "Tubyn" {Fire rPois}
                                n - +4 ring of protection

@: lethally poisoned (-4 -> -16), regenerating, extremely resistant to hostile
enchantments, extremely unstealthy
A: fangs 3, see invisible, unbreathing
a: Berserk, Trog's Hand, Brothers in Arms, Burn Spellbooks, Renounce Religion


You were on level 4 of the Lair of Beasts.
You worshipped Trog.
Trog was extremely pleased with you.
You were very full.

You visited 2 branches of the dungeon, and saw 13 of its levels.
You also visited: Sewer and Ossuary.

You collected 640 gold pieces.

Inventory:

Hand Weapons
 i - a +6 hand axe of venom
 A - a +5 battleaxe of flaming (weapon)
Armour
 j - a +0 plate armour (worn)
 t - a +2 cloak (worn)
 C - a +2 helmet (worn)
Jewellery
 f - an uncursed ring of ice {unknown}
 n - a +4 ring of protection (left hand)
 x - an uncursed ring of protection from cold {unknown}
 y - an uncursed ring of fire {unknown}
 B - an uncursed ring of protection from fire {unknown}
 E - a cursed ring of teleportation {unknown}
 J - an uncursed ring of stealth
 P - the ring "Tubyn" (right hand) {Fire rPois}
   (You found it on level 8 of the Dungeon)

   [ring of fire]

   It enhances your fire magic, and weakens your ice magic.
   It protects you from fire.
   It makes you vulnerable to cold.
   It protects you from poison.
Wands
 a - a wand of disintegration (9/24)
 q - a wand of disintegration (14/24)
 w - a wand of acid (8/15)
 F - a wand of acid (8/15)
 Q - a wand of heal wounds (3/9)
 R - a wand of flame (13/48)
 U - a wand of slowing (31/48)
 V - a wand of paralysis (17/24)
 W - a wand of hasting (6/9)
 X - a wand of flame (33/48)
 Y - a wand of lightning (8/15)
Scrolls
 b - 5 scrolls of teleportation {unknown}
 e - 12 scrolls of identify {unknown}
 g - 3 scrolls of immolation {unknown}
 h - a scroll of recharging {unknown}
 k - 3 scrolls of blinking {unknown}
 o - 5 scrolls of enchant armour {unknown}
 p - a scroll of vulnerability {unknown}
 s - 3 scrolls of fear {unknown}
 v - 6 scrolls of remove curse {unknown}
 G - a scroll of magic mapping {unknown}
 K - a scroll of noise {unknown}
 O - a scroll of summoning {unknown}
 S - a scroll of holy word {unknown}
 T - a scroll of silence {unknown}
Potions
 c - 30 potions of blood
 d - a potion of might {unknown}
 l - 2 potions of cure mutation {unknown}
 m - 2 potions of invisibility {unknown}
 r - 6 potions of curing
 u - 7 potions of haste
 z - 3 potions of flight {unknown}
 D - 2 potions of beneficial mutation {unknown}
 H - 2 potions of cancellation {unknown}
 I - a potion of berserk rage {unknown}
 L - 3 potions of magic {unknown}
 M - a potion of brilliance {unknown}
 N - a potion of agility {unknown}


   Skills:
 * Level 10.8 Fighting
 * Level 11.1 Axes
 + Level 7.0 Armour
 + Level 9.1 Dodging


You had 11 spell levels left.
You didn't know any spells.

Dungeon Overview and Level Annotations

Branches:
Dungeon (9/15)             Temple (0/1) D:4            Lair (4/8) D:8
 Shoals (0/4) Lair:3       Spider (0/4) Lair:4          Orc (0/2) D:9

Altars:
Cheibriados
Gozag
Kikubaaqudgha
Okawaru
Qazlal
Ru
Xom
Zin
The Shining One

Shops:
D:8 %


Innate Abilities, Weirdness & Mutations

Your natural rate of healing is unusually fast.
You have razor-sharp teeth.
You have supernaturally acute eyesight. (SInv)
You can survive without breathing.


Message History

Your skin crawls.
You feel resistant to hostile enchantments.
You feel somewhat less full.
You feel very sick. The jumping spider pounces on you!
* * * LOW HITPOINT WARNING * * *
The jumping spider bites you but does no damage.
The redback barely misses you.
The jumping spider pounces on you but does no damage.
The jumping spider bites you but does no damage.
The jumping spider barely misses you.
The jumping spider bites you but does no damage.
You feel better. The redback bites you.
* * * LOW HITPOINT WARNING * * *
You are lethally poisoned!
The redback poisons you! The jumping spider pounces on you!
* * * LOW HITPOINT WARNING * * *
The jumping spider barely misses you.
The jumping spider leaps!
The redback bites you!
You die...

........<## ....
.........###P....
.........s.......
##........##P#...
#P......### #
#P.[....### ...
##P.....#.#≈≈..
#...s§..≈.≈≈≈.≈
##..@s.^≈≈.≈≈.≈
....l...†..#≈≈.≈.≈
............≈≈≈...
##.##...........>.
# #......P≈≈≈...
#........≈≈.≈.≈
##.......≈.≈≈.≈
#.[##P...≈≈≈.


You could see a basilisk, 2 jumping spiders and a redback.

Vanquished Creatures
  Harold (Lair:4)
  Erica (Lair:2)
  A griffon (Lair:3)
  2 sirens (Lair:3)
  An elephant (D:8)
  Psyche (D:8)
  5 spiny frogs
  2 komodo dragons (Lair:2)
  A troll (D:9)
  A jumping spider (Lair:4)
  A queen bee (Lair:3)
  A two-headed ogre (D:8)
  The ghost of Cuddlewings the Chopper, an amateur DsGl (D:4)
  4 blink frogs (Lair:3)
  A redback (Lair:4)
  Sigmund (D:4)
  6 yaks
  A basilisk (Lair:3)
  2 hungry ghosts
  2 hippogriffs
  A warg (D:9)
  5 water moccasins
  A porcupine (Lair:3)
  A sky beast (D:8)
  3 ice beasts
  4 orc warriors
  2 black bears
  A necrophage (D:6)
  An ogre (D:7)
  A phantom (D:4)
  8 wolves
  3 centaurs
  12 crocodiles
  Blork the orc (D:6)
  3 giant frogs
  A water moccasin zombie (D:5)
  A big kobold (Sewer)
  11 scorpions
  19 killer bees
  A howler monkey (D:6)
  2 electric eels (Lair:3)
  3 crimson imps
  5 human zombies (Ossuary)
  3 centaur zombies
  2 giant frog skeletons
  3 jellies (D:7)
  A centaur skeleton (D:5)
  6 orc wizards
  7 orc priests
  7 hounds
  7 iguanas
  Ijyb (D:2)
  4 worker ants
  5 sheep
  A big kobold zombie (Ossuary)
  3 mummies (Ossuary)
  3 worker ant zombies
  Robin (D:2)
  3 gnolls (D:3)
  22 river rats
  2 scorpion zombies (Ossuary)
  9 adders
  3 shadow imps
  An ooze (D:7)
  A worm zombie (D:8)
  An adder zombie (D:5)
  2 worms
  4 dart slugs
  12 giant geckos
  31 orcs
  10 bats
  10 giant cockroaches
  23 goblins
  11 hobgoblins
  14 jackals
  9 kobolds
  2 ball pythons
  A giant newt (D:1)
  3 gnoll zombies (Ossuary)
  2 goblin zombies (Ossuary)
  3 hobgoblin zombies (Ossuary)
  A kobold zombie (Ossuary)
  2 orc zombies (Ossuary)
  A quokka skeleton (D:3)
  2 quokka zombies
  10 rats
  2 plants (Lair:3)
377 creatures vanquished.

Vanquished Creatures (collateral kills)
  A basilisk (Lair:3)
  3 sheep (Lair:3)
4 creatures vanquished.

Vanquished Creatures (others)
  A human (D:2)
1 creature vanquished.

Grand Total: 382 creatures vanquished

Notes
Turn   | Place    | Note
--------------------------------------------------------------
     0 | D:1      | shmeve the Vampire Berserker began the quest for the Orb.
     0 | D:1      | Reached XP level 1. HP: 17/17 MP: 1/1
    67 | D:1      | Reached XP level 2. HP: 13/23 MP: 2/2
   153 | D:1      | Reached skill level 3 in Axes
   289 | D:1      | Reached ** piety under Trog
   310 | D:1      | Reached XP level 3. HP: 29/29 MP: 3/3
   702 | D:2      | Noticed Robin
   710 | D:2      | Killed Robin
   754 | D:2      | Found an ancient bone altar of Kikubaaqudgha.
   754 | D:2      | Noticed a human
   758 | D:2      | Killed a human
   765 | D:2      | Reached XP level 4. HP: 29/35 MP: 4/4
   890 | D:2      | Noticed Ijyb
   924 | D:2      | Killed Ijyb
  1055 | D:2      | Found an opulent altar of Gozag.
  1107 | D:2      | Reached *** piety under Trog
  1151 | D:2      | Found a glowing golden altar of the Shining One.
  1512 | D:2      | Reached skill level 4 in Axes
  1587 | D:2      | Reached XP level 5. HP: 41/41 MP: 5/5
  1781 | D:3      | Found an iron altar of Okawaru.
  1788 | D:3      | Found a sacrificial altar of Ru.
  1791 | D:3      | Found a glowing silver altar of Zin.
  1791 | D:3      | Found a snail-covered altar of Cheibriados.
  1791 | D:3      | Found a shimmering altar of Xom.
  2103 | D:3      | Reached **** piety under Trog
  2654 | D:4      | Found a staircase to the Ecumenical Temple.
  2678 | D:4      | Found a stormy altar of Qazlal.
  2740 | D:4      | Noticed Sigmund
  2748 | D:4      | Killed Sigmund
  2748 | D:4      | Reached XP level 6. HP: 49/49 MP: 6/6
  3146 | D:4      | Noticed Cuddlewings's ghost (amateur DsGl)
  3154 | D:4      | Reached skill level 5 in Axes
  3154 | D:4      | Reached XP level 7. HP: 55/55 MP: 7/7
  3169 | D:4      | Killed Cuddlewings's ghost
  3169 | D:4      | Reached skill level 5 in Fighting
  3199 | D:4      | Found a shimmering altar of Xom.
  3488 | D:5      | Entered Level 5 of the Dungeon
  3632 | D:5      | Reached XP level 8. HP: 63/63 MP: 8/8
  3682 | D:5      | Reached skill level 6 in Axes
  3740 | D:5      | Found a glowing drain.
  3746 | D:5      | Reached ***** piety under Trog
  3756 | Sewer    | Entered a sewer
  3865 | Sewer    | Found a white marble altar of Elyvilon.
  3935 | D:5      | Received a gift from Trog
  4070 | D:5      | Got a pair of scorched boots
  4076 | D:5      | Identified the +0 pair of boots of Luuggaapt {*Confuse rPois Regen+} (You found it on level 5 of the Dungeon)
  4249 | D:6      | Noticed Blork the orc
  4254 | D:6      | Killed Blork the orc
  4382 | D:6      | Reached skill level 5 in Dodging
  4549 | D:6      | Reached skill level 7 in Axes
  4549 | D:6      | Reached XP level 9. HP: 49/71 MP: 9/9
  4559 | D:6      | HP: 1/106 [orc priest/divine providence (16)]
  4565 | D:6      | HP: 4/106 [poisoned by a killer bee]
  5047 | D:7      | Found an opulent altar of Gozag.
  5787 | D:8      | Found a sand-covered staircase.
  5831 | D:8      | Noticed an elephant
  5843 | D:8      | Killed an elephant
  5843 | D:8      | Reached skill level 8 in Axes
  5843 | D:8      | Reached skill level 5 in Armour
  5939 | Ossuary  | Entered an ossuary
  6054 | Ossuary  | Reached XP level 10. HP: 75/80 MP: 10/10
  6248 | D:8      | Found a staircase to the Lair.
  6376 | D:8      | Found Plog's Food Shoppe.
  6401 | D:8      | Got a slimy glass ring
  6441 | D:8      | Noticed Psyche
  6446 | D:8      | Killed Psyche
  6458 | D:8      | Identified the ring "Tubyn" {Fire rPois} (You found it on level 8 of the Dungeon)
  6614 | D:8      | You fall through a shaft!
  6614 | D:9      | Found a staircase to the Orcish Mines.
  6618 | D:9      | Received a gift from Trog
  6920 | D:8      | Reached skill level 9 in Axes
  7215 | Lair:1   | Entered Level 1 of the Lair of Beasts
  7310 | Lair:1   | Reached XP level 11. HP: 57/89 MP: 11/11
  7953 | Lair:2   | Noticed Erica
  7966 | Lair:2   | Killed Erica
  8080 | Lair:2   | Reached skill level 10 in Axes
  8569 | Lair:3   | Noticed a griffon
  8576 | Lair:3   | Killed a griffon
  8576 | Lair:3   | Reached skill level 10 in Fighting
  9717 | Lair:3   | Found a staircase to the Shoals.
  9752 | Lair:3   | Reached skill level 11 in Axes
 10033 | Lair:4   | Noticed Harold
 10072 | Lair:4   | Killed Harold
 10072 | Lair:4   | Reached ****** piety under Trog
 10072 | Lair:4   | Reached XP level 12. HP: 56/99 MP: 12/12
 10167 | Lair:4   | Found a hole to the Spider Nest.
 10179 | Lair:4   | HP: 3/99 [jumping spider (8)]
 10179 | Lair:4   | Slain by a redback

Vault maps used:
D:1:      dpeg_arrival_pits, minmay_misc_feat_roman, hangedman_decor_growths,
          minmay_misc_feat_doors
D:2:      lemuel_round_altar, tso_oasis_becter, first_bread, tgw_kikubaaqudgha,
          uniq_iyjb, uniq_robin
D:3:      forest_paths, grunt_temple_overflow_open
D:4:      nicolae_overflow_crystal_walls, minmay_temple_entry_mist,
          lemuel_tele_altar, uniq_sigmund
D:5:      gup_sewer_entry_pipe, grunt_decor_resistance, sigmund_army
D:6:      kennysheep_spiral_hall, minmay_misc_feat_rugged, uniq_blork_the_orc
D:7:      nicolae_gozag_seed_capital
D:8:      david_lair_generic, serial_shops, shop_fountains, enter_ossuary_3,
          uniq_psyche
D:9:      david_orc_3, david_nohive_1
Lair:1:   serial_bayou_shore_b
Lair:2:   st_stairs_3, uniq_erica
Lair:3:   elwin_shoals_entry_rooms, special_room, grunt_megastairs_5,
          serial_bayou_shore_a, lemuel_fruit_tree
Lair:4:   spider_nest_entry_a, uniq_harold
Sewer:    sewer_kobolds
Ossuary:  ossuary_minmay_scorpions

Skill      XL: |  1  2  3  4  5  6  7  8  9 10 11 |
---------------+----------------------------------+-----
Fighting       | 3 4 5 6 8 9 10 | 10.8
Axes           | 3 4 5 7 8 9 11 | 11.1
Armour         | 2 3 4 5 7 |  7.0
Dodging        | 3 4 5 6 7 9 |  9.1

Action                   |  1- 3 |  4- 6 |  7- 9 | 10-12 || total
-------------------------+-------+-------+-------+-------++-------
Melee: Hand axe          |    88 |   181 |       |       ||   269
       Bite              |     7 |    25 |    20 |    33 ||    85
       War axe           |       |    65 |   114 |       ||   179
       Battleaxe         |       |       |   188 |   362 ||   550
Invok: Berserk           |     1 |     3 |     5 |     6 ||    15
       Burn Spellbooks   |       |       |       |     3 ||     3
       Trog's Hand       |       |       |       |     3 ||     3
       Brothers in Arms  |       |       |       |     1 ||     1
  Use: Potion            |       |    11 |    23 |    33 ||    67
 Stab: Distracted        |       |       |       |     1 ||     1
  Eat: Corpse            |    11 |     7 |       |       ||    18
Armor: Ring mail         |    36 |       |       |       ||    36
       Chain mail        |    15 |   199 |   258 |    25 ||   497
       Plate armour      |       |       |       |   293 ||   293
Dodge: Dodged            |    74 |   103 |   186 |   257 ||   620
